← All builds
Beach sea / Cortex / Economy first / OBSERVED BUILD

Standard beach sea

Cortex Beach sea build order · Supreme Isthmus

The role's usual play: com goes to sea to build a shipyard around 2 minutes, pumping frigates and destroyers to contest enemy sea entry or hold vision, with an advanced metal extractor around 10 minutes as the transition into the team's…

Usually shipyard first (94%)

#naval #eco · 812 distinct matches · 107 players · 84% of Cortex Beach sea games · team won 55% of 877 · Recently observed

HOW TO PLAY IT

Key timing: Shipyard by 1:57

  1. Open 3 mex and wind while com heads straight to sea.
  2. Drop Shipyard fast, before 2:00, to seize early sea presence.
  3. Push "frigate" out to contest enemy sea entry or hold vision.
  4. Add "destroyer" as the fleet grows.
  5. Transition into Advanced Metal Extractor to catch up on eco.

Phase by phase

TYPICAL OF ITS 812 GAMES
  1. 1
  2. 2
  3. 3
PLAY THE OPENING

Follow the example game's first 6:00 step by step: what to build now, what comes next, and where it goes. At 1× it keeps pace with your own game.

  1. 1

    Up to the Shipyard

    Economy
    • Metal Extractor3Mex
    • Wind Turbine3Windfor allies
    • Wind Turbine2Wind
    • Energy Storage1Energy storage
    Order
    1. ShipyardShipyard after 3 mex, 2 wind, 1 energy storagedone ~1:57, middle half 1:44–2:08

    By 1:41 in all: 3 mex · 2 wind · 1 energy storage

    The example game in this phase · 5 steps
    1. Mex ×3
    2. Wind ×3for Air
    3. Energy storage
    4. Wind ×2
    5. ShipyardShipyarddone 1:54 · typical 1:57
  2. 2

    Shipyard to 5:00

    Economy
    • Metal Extractor5Mex
    • Tidal Generator2Tidal
    Builders
    • Construction Ship2 Con ship
    Army
    • Riptide2 Frigate
    • Herring1 Missile corvette
    • Oppressor1 Destroyer
    Other
    • Naval Radar / Sonar Tower1 Naval Radar / Sonar Tower

    Some games also: Urchin (43%) · wind (40%) · submarine (39%) · gunboat (36%) · con turret (35%)

    By 5:00 in all: 8 mex · 3 wind · 2 tidal · 1 energy storage

    The example game in this phase · 15 steps
    1. HerringMissile corvette ×2
    2. Construction ShipCon ship ×2
    3. Con turret
    4. Mex ×2
    5. RiptideFrigate ×2done 2:52 · typical 3:52
    6. Mex ×2
    7. Naval Radar / Sonar TowerNaval Radar / Sonar Tower
    8. ThistleThistle
    9. Wind
    10. OppressorDestroyerdone 4:52 · typical 5:11
    11. Wind
    12. GuardGuard
    13. Wind ×3
    14. Mex
    15. Wind ×2
  3. 3

    5:00 to 10:00

    Economy
    • Metal Extractor1Mex
    • Wind Turbine10Wind
    Builders
    • Death Cavalry1 Death Cavalry
    • Construction Ship1 Con ship
    Army
    • Urchin1 Urchin
    • Riptide5 Frigate
    • Oppressor2 Destroyer
    • Herring2 Missile corvette
    Other
    • Naval Radar / Sonar Tower1 Naval Radar / Sonar Tower

    Some games also: Naval Construction Turret (48%) · Guard (47%) · Radar Tower (41%) · tidal (38%) · con turret (34%)

    By 10:00 in all: 9 mex · 12 wind · 4 wind · 4 tidal · 1 energy storage · 1 Naval Construction Turret

    The example game in this phase · 72 steps
    1. Wind
    2. Construction ShipCon ship
    3. Naval Radar / Sonar TowerNaval Radar / Sonar Tower
    4. Wind
    5. Death CavalryDeath Cavalry
    6. Converter
    7. RiptideFrigate
    8. GuardGuard
    9. Converter
    10. RiptideFrigate
    11. Naval Radar / Sonar TowerNaval Radar / Sonar Tower
    12. Mex
    13. RiptideFrigate
    14. OppressorDestroyer
    15. Naval Radar / Sonar TowerNaval Radar / Sonar Tower
    16. HerringMissile corvette
    17. RiptideFrigate
    18. Mex
    19. RiptideFrigate ×2
    20. Wind
    21. RiptideFrigate
    22. Wind
    23. RiptideFrigate
    24. Wind
    25. OppressorDestroyer
    26. Wind
    27. Mex
    28. Wind
    29. HerringMissile corvette
    30. Naval Construction Turret
    31. Naval Radar / Sonar TowerNaval Radar / Sonar Tower
    32. Wind
    33. Death CavalryDeath Cavalry
    34. Naval Construction Turret
    35. Advanced Metal ExtractorT2 mexdone 11:04 · typical 9:58
    36. Mex
    37. Death CavalryDeath Cavalry
    38. Vehicle PlantVehicle Plantdone 10:24
    39. Naval Radar / Sonar TowerNaval Radar / Sonar Tower
    40. BruteBrute ×2
    41. Metal storage
    42. Advanced Metal ExtractorT2 mex
    43. BruteBrute ×4
    44. Tidal
    45. BruteBrute
    46. Tidal
    47. Advanced Metal ExtractorT2 mex
    48. Tidal
    49. BruteBrute
    50. Tidal
    51. BruteBrute
    52. Tidal ×2
    53. BruteBrute
    54. Tidal ×4
    55. BruteBrute
    56. Radar TowerRadar Tower
    57. Tidal ×3
    58. Mex
    59. BruteBrute
    60. Tidal
    61. Advanced Metal ExtractorT2 mex
    62. BruteBrute
    63. Tidal
    64. BruteBrute
    65. Naval Construction Turret ×2
    66. Advanced ShipyardAdvanced Shipyarddone 14:33
    67. BruteBrute
    68. Radar TowerRadar Tower
    69. Advanced Construction SubAdvanced Construction Sub
    70. Construction VehicleCon vehicle
    71. Naval Radar / Sonar TowerNaval Radar / Sonar Tower
    72. Wind

Counts are medians over the build's games: half of them build more, half fewer. The example game is Happiness's (51 OS, 19/08/2026); pick another.

Team trades

IN AT LEAST 30% OF ITS GAMES

You hand over

  • Wind Turbine3 Wind to Airfirst at 1:52 · in 79% of games

You get

  • Finch1 Finch from Airfirst at 1:58 · in 82% of games
  • Lazarus1 Lazarus from Geofirst at 2:13 · in 62% of games
  • Hephaestus1 Heavy transport from Airfirst at 2:16 · in 68% of games
  • Construction Bot1 Con bot from Geofirst at 2:28 · in 69% of games
  • Hercules1 Light transport from Airfirst at 2:34 · in 32% of games
  • Advanced Construction Bot1 T2 con bot from Techfirst at 8:09 · in 88% of games

How it plays out

Typical game of this build, running totals by minute

Metal produced

010k20k30k
0:005:0010:0015:00

metal

Enemy metal destroyed

05k10k
0:005:0010:0015:00

metal

Own metal lost

02.5k5k7.5k
0:005:0010:0015:00

metal

877 games.

Show as table
ByMetal produced: This buildEnemy metal destroyed: This buildOwn metal lost: This build
1:0040300
2:0093700
3:00156800
4:0025312150
5:003701197100
6:005032534254
7:0064761096590
8:00807618331031
9:00968328541610
10:001159239942340
11:001382252133090
12:001635261643821
13:001911472004611
14:002195382755717
15:002492992706561
WHAT THE NUMBERS SAY

Standard Beach sea wins more than Geo sea's 50% and gets its Shipyard up faster, using early sea access before falling behind on land resources.

  • + Shipyard finishes by 1:57, faster than Geo sea's 3:18
  • + 54% team win rate beats the Cortex geo sea baseline
  • − Metal produced trails Geo sea's Cortex build, 24356 vs 28451 by 15:00
  • − T2 factory only lands in 35% of games by 12:42
THE EXAMPLE YOU ARE READING

Happiness

51.5 OS · 19/08/2026

Open source match ↗

9 received units · includes a constructor
110 metal received · 55369 energy received

Allied construction assistance is unknown. Timings are observations, not a promise of solo reproducibility.

Typical milestones

Shipyard1:57Middle 50%: 1:44–2:08 · n=875
Riptide3:52Middle 50%: 3:16–4:34 · n=863
Oppressor5:11Middle 50%: 4:16–6:08 · n=848
Advanced Metal Extractor9:58Middle 50%: 9:16–10:53 · n=743

Played most by

EpicTyrannus85games of this buildDamsko67games of this buildWaboum64games of this buildPRO_HYDRA60games of this buildMrCoolPotato51games of this build